AoeStats
← Neepje

Arena

504697276Analyzed
2v2 RM · 27d ago on Sep 6, 2026· 28m 23s· 4 players
Game mode
Random Map
Map size
Medium (4 player)
Population
200
Speed
Normal
Resources
Standard
Victory
Conquest
Starting age
Dark Age
Ending age
Imperial Age
RankedLock teamsTeams togetherTeam positionsShared explorationLock speedFull tech treeHidden civsTurbo modeCheats
Victory
Defeat
🇮🇹 Burgundians · Italy
1003
+12
🇮🇹 Cumans · Italy
953
+14
🇨🇭 Turks · Switzerland
909
-13
🇨🇭 Franks · Switzerland
909
-13
Spawn
11:13 Feudal Age
15:18 Castle Age
14:24 Double-Bit Axe
14:34 Gold Mining
19:39 Gold Shaft Mining
20:06 Bow Saw
21:30 Wheelbarrow
24:29 Pikeman
26:30 Squires
Neepje
12:17 Feudal Age
13:04 Double-Bit Axe
19:17 Castle Age
17:22 Stone Mining
17:55 Horse Collar
18:09 Gold Mining
20:06 Wheelbarrow
21:08 Heavy Plow
21:37 Loom
22:50 Bow Saw
Aevyan
12:19 Feudal Age
11:17 Double-Bit Axe
11:27 Gold Mining
17:06 Castle Age
15:03 Horse Collar
17:13 Cavalier
17:54 Husbandry
18:42 Gold Shaft Mining
Zanocrate
0:28 Loom
12:04 Feudal Age
14:11 Double-Bit Axe
Connection lost

Rejoining the realm…

Still unreachable

The connection could not be restored.

Session expired

The server has moved on; the page needs a fresh start.